 Dungeon Crawl Stone Soup version 0.29.0-4-gdea44cf6ec (webtiles) character file.

Game seed: 8200846346877863709

12792 qw the Grappler (level 11, -2/104 HPs)
             Began as a Troll Cinder Acolyte on Aug 30, 2022.
             Was a Believer of Okawaru.
             Slain by a seven-headed hydra (6 damage)
             ... on level 2 of the Lair of Beasts.
             The game lasted 00:06:19 (9838 turns).

qw the Grappler (Troll Cinder Acolyte)              Turns: 9838, Time: 00:06:20

Health: -2/104     AC:  9    Str: 34    XL:     11   Next: 67%
Magic:  10/12      EV:  9    Int: 10    God:    Okawaru [**....]
Gold:   611        SH: 11    Dex:  5    Spells: 12/12 levels left

rFire   . . .      SeeInvis .     - Unarmed
rCold   . . .      Faith    .   b - +0 kite shield
rNeg    . . .      Spirit   .   a - +0 robe
rPois   .          Reflect  .   (helmet restricted)
rElec   .          Harm     .   j - +0 cloak
rCorr   .          Rampage  .   (gloves unavailable)
Will    .....                   (boots unavailable)
Stlth   ++........              (no amulet)
HPRegen 1.07/turn               c - +6 ring of strength
MPRegen 0.13/turn               d - +4 ring of protection

@: heroic, fire susceptible
A: large, unfitting armour, claws 3, regeneration 1, shaggy fur 1, tough skin 1
a: Renounce Religion, Heroism


You were on level 2 of the Lair of Beasts.
You worshipped Okawaru.
Okawaru was pleased with you.
You visited 2 branches of the dungeon, and saw 11 of its levels.

You collected 683 gold pieces.
You spent 72 gold pieces at shops.


Innate Abilities, Weirdness & Mutations

You are too large for most types of armour.
You have claws for hands.
Your natural rate of healing is unusually fast.
You are covered in fur. (AC +1)
You have tough skin. (AC +1)


   Skills:
 - Level 5.2(10.2) Fighting
 - Level 1.0(6.0) Throwing
 - Level 1.1(6.1) Armour
 - Level 1.2(6.2) Dodging
 - Level 10.0(15.0) Shields
 + Level 13.8(18.8) Unarmed Combat
 - Level 1.0 Spellcasting
 - Level 2.1 Fire Magic
 + Level 3.0 Invocations


You had 12 spell levels left.
You didn't know any spells.
Your spell library contained the following spells:

 Spells                   Type           Power      Damage    Failure   Level
 Scorch                   Fire           8%         2d5       32%         2

Inventory:

Missiles
 g - 4 boomerangs (quivered)
Armour
 a - a +0 robe (worn)
 b - a +0 kite shield (worn)
 j - a +0 cloak (worn)
Jewellery
 c - a +6 ring of strength (left claw)
 d - a +4 ring of protection (right claw)
Scrolls
 i - 5 scrolls of identify
Potions
 e - 2 potions of might
 h - a potion of haste
 k - 2 potions of curing

Dungeon Overview and Level Annotations

Branches:
Dungeon (8/15)             Temple (0/1) D:5            Lair (3/5) D:8
 Spider (0/4) Lair:2
  Swamp: Lair:2-3    Shoals: Lair:2-3

Altars:
Fedhas
Okawaru
Qazlal
Yredelemnul

Shops:
D:4 ?:(   D:6 *   D:8 =

Annotations:
D:3 3 runed translucent doors, qw's ghost, amateur TeWr
D:6 1 runed translucent door, qw's ghost, novice TeWr


Message History

There is a stone staircase leading down, spattered with blood here.
9833 ||| INVOKING Heroism.
You gain the combat prowess of a mighty hero.
You block the four-headed hydra's attack.
The four-headed hydra bites you! x2
The four-headed hydra barely misses you.
9834 ||| DRINKING potion of heal wounds.
You feel much better.
You block the four-headed hydra's attack.
The four-headed hydra bites you but does no damage.
The four-headed hydra bites you!
The four-headed hydra bites you but does no damage.
You claw one of the four-headed hydra's heads off!
The three-headed hydra grows two more!
You mangle the five-headed hydra!!
The five-headed hydra is heavily wounded.
You block the five-headed hydra's attack.
The five-headed hydra barely misses you.
You block the five-headed hydra's attack.
The five-headed hydra bites you.
The five-headed hydra barely misses you.
You rip one of the five-headed hydra's heads off!
The four-headed hydra grows two more!
You eviscerate the six-headed hydra!!!
The six-headed hydra is almost dead.
You scratch the six-headed hydra but do no damage.
The six-headed hydra is almost dead.
The six-headed hydra barely misses you.
The six-headed hydra bites you but does no damage.
The six-headed hydra bites you!
The six-headed hydra bites you but does no damage. x2
You block the six-headed hydra's attack.
You rip one of the six-headed hydra's heads off!
The five-headed hydra grows two more!
You claw the seven-headed hydra!
The seven-headed hydra is almost dead.
The seven-headed hydra bites you! The seven-headed hydra bites you.
You block the seven-headed hydra's attack.
The seven-headed hydra bites you but does no damage.
The seven-headed hydra completely misses you.
The seven-headed hydra bites you but does no damage.
The seven-headed hydra bites you.
You die...

#...........7 7.77777.77
##..........7777P.7P77.77
#<.............77P7..7.7
##..................7..7777
#.........................7
##.........................
#..........................
##.......D%................
#........@................
##.......%.......<.........
#..........................
##................PP...##..
#.#.#####.......######.##.
#.#......)......##........
##........#......+.........
#..+......#................
#..#.............#......P..


You could see a seven-headed hydra.

Vanquished Creatures
  A hydra (Lair:2)
  A black mamba (Lair:2)
  6 elephants (Lair:1)
  4 cane toads
  A rime drake (Lair:1)
  2 komodo dragons
  2 polar bears
  Grinder (D:5)
  3 steam dragons (D:8)
  5 wyverns
  2 basilisks
  5 yaks (Lair:1)
  A redback (Lair:2)
  Menkaure (D:5)
  8 water moccasins
  4 orc warriors
  3 ice beasts
  4 black bears
  2 ogres (D:5)
  A centaur (D:8)
  7 wolves
  A phantom (D:4)
  A kobold brigand (D:6)
  7 bullfrogs
  4 scorpions
  A gnoll sergeant (D:8)
  2 necrophages (D:5)
  3 killer bees (D:8)
  5 howler monkeys
  An electric eel (D:8)
  4 jellies
  4 orc priests
  A gnoll bouda (D:6)
  4 hounds
  6 iguanas
  10 orc wizards
  9 gnolls
  4 adders
  A shadow imp (D:6)
  A white imp (D:7)
  An ufetubus (D:4)
  2 worms (D:3)
  27 orcs
  5 ball pythons
  7 endoplasms
  3 giant cockroaches
  11 goblins
  6 hobgoblins
  6 jackals
  5 quokkas
  7 bats
  4 frilled lizards
  18 kobolds
  6 rats
  A bush (D:8)
242 creatures vanquished.

Vanquished Creatures (others)
  An orc wizard (D:7)
  A bush (D:8)
  8 fungi
  18 plants
28 creatures vanquished.

Grand Total: 270 creatures vanquished

Notes
Turn   | Place    | Note
-------+----------+-------------------------------------------
     0 | D:1      | qw the Troll Cinder Acolyte began the quest for the Orb.
     0 | D:1      | Reached XP level 1. HP: 22/22 MP: 1/1
     0 | D:1      | 0 ||| qw: Version: 0.1-a-95-gae9e614
     0 | D:1      | 0 ||| qw: Game counter: 4455
     0 | D:1      | 0 ||| qw: Always use a shield: true
     0 | D:1      | 0 ||| qw: God list: Okawaru
     0 | D:1      | 0 ||| qw: Allow faded altars: false
     0 | D:1      | 0 ||| qw: Do Orc after D:15 true
     0 | D:1      | 0 ||| qw: Do second Lair branch before Depths: true
     0 | D:1      | 0 ||| qw: Lair rune preference: random
     0 | D:1      | 0 ||| qw: Plans: Normal
     0 | D:1      | 0 ||| PLANNING D:1-11
    28 | D:1      | 28 ||| Stepping ~*~*~tactically~*~*~ (stealth).
    50 | D:1      | 50 ||| Stepping ~*~*~tactically~*~*~ (stealth).
   148 | D:1      | Reached XP level 2. HP: 29/29 MP: 2/2
   196 | D:1      | 196 ||| Stepping ~*~*~tactically~*~*~ (stealth).
   212 | D:1      | 212 ||| UPGRADING to +0 kite shield.
   387 | D:1      | Reached skill level 1 in Shields
   538 | D:1      | Reached XP level 3. HP: 36/36 MP: 3/3
   755 | D:1      | 755 ||| READING scroll labelled REATSA NENO.
   756 | D:1      | 756 ||| READING scroll labelled BANISU KAMA.
   757 | D:1      | 757 ||| READING scroll labelled LANEIRIENG.
   758 | D:1      | 758 ||| Stepping randomly (stuck).
   759 | D:1      | 759 ||| Stepping ~*~*~tactically~*~*~ (cloud).
   875 | D:2      | 875 ||| Stepping ~*~*~tactically~*~*~ (stealth).
   917 | D:2      | Found a basalt altar of Yredelemnul.
  1511 | D:2      | 1511 ||| UPGRADING to +6 ring of strength.
  1512 | D:2      | 1512 ||| UPGRADING to +4 ring of protection.
  1513 | D:2      | 1513 ||| DROPPING ring of ice.
  1514 | D:2      | 1514 ||| READING scroll labelled GEYSME LIUK.
  1515 | D:2      | 1515 ||| READING 2 scrolls of identify.
  1515 | D:2      | 1515 ||| IDENTIFYING lumpy puce potion
  1516 | D:2      | 1516 ||| DROPPING potion of attraction.
  1679 | D:3      | 1679 ||| Stepping ~*~*~tactically~*~*~ (stealth).
  1680 | D:3      | 1680 ||| Stepping ~*~*~tactically~*~*~ (stealth).
  1719 | D:3      | 1719 ||| Stepping ~*~*~tactically~*~*~ (stealth).
  1810 | D:3      | Found a runed translucent gate.
  1810 | D:3      | Found a runed translucent gate.
  1810 | D:3      | Found a runed translucent gate.
  1845 | D:3      | 1845 ||| INVOKING Fiery Armour.
  1848 | D:3      | Reached XP level 4. HP: 44/44 MP: 4/4
  1851 | D:3      | Reached skill level 3 in Shields
  1857 | D:3      | Reached skill level 4 in Unarmed Combat
  2023 | D:3      | Reached XP level 5. HP: 27/50 MP: 5/5
  2232 | D:3      | Noticed qw's ghost (amateur TeWr)
  2438 | D:3      | 2438 ||| DROPPING ring of flight.
  2439 | D:3      | 2439 ||| READING scroll labelled PIGUQ NEOTZ.
  2440 | D:3      | 2440 ||| READING scroll labelled IXIFUDD HIZYI.
  2528 | D:4      | Found Kapiluf's Book Shop.
  2629 | D:4      | 2629 ||| Stepping ~*~*~tactically~*~*~ (stealth).
  2632 | D:4      | 2632 ||| INVOKING Fiery Armour.
  2638 | D:4      | 2638 ||| Stepping ~*~*~tactically~*~*~ (outnumbered).
  2639 | D:4      | 2639 ||| Stepping ~*~*~tactically~*~*~ (outnumbered).
  2668 | D:4      | 2668 ||| Stepping ~*~*~tactically~*~*~ (stealth).
  2671 | D:4      | 2671 ||| Stepping ~*~*~tactically~*~*~ (stealth).
  2675 | D:4      | 2675 ||| Stepping ~*~*~tactically~*~*~ (stealth).
  2677 | D:4      | 2677 ||| Stepping ~*~*~tactically~*~*~ (stealth).
  2763 | D:4      | Found Fedoith's Antique Weapon Emporium.
  2809 | D:4      | Noticed a phantom
  2825 | D:4      | Killed a phantom
  2826 | D:4      | Reached skill level 5 in Unarmed Combat
  2826 | D:4      | Reached XP level 6. HP: 51/59 MP: 6/6
  2908 | D:4      | 2908 ||| Stepping ~*~*~tactically~*~*~ (hiding).
  3005 | D:4      | Found Mustrorph's Magic Scroll Shoppe.
  3015 | D:4      | 3015 ||| BUYING scroll of identify (24 gold).
  3015 | D:4      | Bought a scroll of identify for 24 gold pieces
  3015 | D:4      | 3015 ||| BUYING scroll of identify (24 gold).
  3015 | D:4      | Bought a scroll of identify for 24 gold pieces
  3015 | D:4      | 3015 ||| BUYING scroll of identify (24 gold).
  3015 | D:4      | Bought a scroll of identify for 24 gold pieces
  3076 | D:4      | 3076 ||| DROPPING +6 ring of intelligence.
  3077 | D:4      | 3077 ||| READING scroll labelled DAYTISCH EJIL.
  3078 | D:4      | 3078 ||| DRINKING 2 smoky pink potions.
  3079 | D:4      | 3079 ||| DRINKING 2 glowing black potions.
  3080 | D:4      | 3080 ||| READING 5 scrolls of identify.
  3080 | D:4      | 3080 ||| IDENTIFYING sapphire potion
  3081 | D:4      | 3081 ||| READING 4 scrolls of identify.
  3081 | D:4      | 3081 ||| IDENTIFYING golden potion
  3082 | D:4      | 3082 ||| DROPPING potion of lignification.
  3083 | D:4      | 3083 ||| READING scroll of teleportation.
  3186 | D:4      | 3186 ||| READING 3 scrolls of identify.
  3186 | D:4      | 3186 ||| IDENTIFYING brown potion
  3187 | D:4      | 3187 ||| Stepping randomly (stuck).
  3190 | D:4      | 3190 ||| Stepping randomly (stuck).
  3192 | D:4      | 3192 ||| Stepping randomly (stuck).
  3194 | D:4      | 3194 ||| Stepping randomly (stuck).
  3196 | D:4      | 3196 ||| Stepping randomly (stuck).
  3198 | D:4      | 3198 ||| Stepping randomly (stuck).
  3205 | D:4      | 3205 ||| Stepping randomly (stuck).
  3206 | D:4      | 3206 ||| Stepping randomly (stuck).
  3207 | D:4      | 3207 ||| Stepping randomly (stuck).
  3208 | D:4      | 3208 ||| Stepping randomly (stuck).
  3209 | D:4      | 3209 ||| Stepping randomly (stuck).
  3210 | D:4      | 3210 ||| Stepping randomly (stuck).
  3212 | D:4      | 3212 ||| Stepping randomly (stuck).
  3213 | D:4      | 3213 ||| Stepping randomly (stuck).
  3231 | D:4      | 3231 ||| Stepping randomly (stuck).
  3317 | D:5      | Entered Level 5 of the Dungeon
  3332 | D:5      | Reached skill level 6 in Unarmed Combat
  3409 | D:5      | Reached XP level 7. HP: 66/66 MP: 7/7
  3435 | D:5      | 3435 ||| Stepping ~*~*~tactically~*~*~ (outnumbered).
  3439 | D:5      | 3439 ||| Stepping ~*~*~tactically~*~*~ (outnumbered).
  3592 | D:5      | 3592 ||| Stepping ~*~*~tactically~*~*~ (hiding).
  3605 | D:5      | 3605 ||| Stepping ~*~*~tactically~*~*~ (outnumbered).
  3606 | D:5      | 3606 ||| Stepping ~*~*~tactically~*~*~ (outnumbered).
  3607 | D:5      | 3607 ||| Stepping ~*~*~tactically~*~*~ (outnumbered).
  3608 | D:5      | 3608 ||| Stepping ~*~*~tactically~*~*~ (outnumbered).
  3609 | D:5      | 3609 ||| Stepping ~*~*~tactically~*~*~ (outnumbered).
  3610 | D:5      | 3610 ||| INVOKING Fiery Armour.
  3611 | D:5      | 3611 ||| Stepping ~*~*~tactically~*~*~ (outnumbered).
  3614 | D:5      | 3614 ||| Stepping ~*~*~tactically~*~*~ (outnumbered).
  3615 | D:5      | 3615 ||| Stepping ~*~*~tactically~*~*~ (outnumbered).
  3619 | D:5      | Reached skill level 7 in Unarmed Combat
  3625 | D:5      | HP: 12/66 [orc warrior/+0 scimitar (16)]
  3626 | D:5      | 3626 ||| DRINKING potion of heal wounds.
  3702 | D:5      | 3702 ||| Stepping ~*~*~tactically~*~*~ (stealth).
  3713 | D:5      | 3713 ||| Stepping ~*~*~tactically~*~*~ (stealth).
  3723 | D:5      | Found a staircase to the Ecumenical Temple.
  3732 | D:5      | Noticed Menkaure
  3733 | D:5      | 3733 ||| Stepping ~*~*~tactically~*~*~ (hiding).
  3743 | D:5      | 3743 ||| INVOKING Fiery Armour.
  3744 | D:5      | Killed Menkaure
  3745 | D:5      | Reached skill level 6 in Shields
  3745 | D:5      | Reached XP level 8. HP: 38/74 MP: 8/8
  4066 | D:5      | Noticed Grinder
  4067 | D:5      | 4067 ||| Stepping ~*~*~tactically~*~*~ (hiding).
  4079 | D:5      | Killed Grinder
  4229 | D:5      | 4229 ||| READING scroll labelled LONYNA JIMO.
  4230 | D:5      | 4230 ||| READING 3 scrolls of identify.
  4230 | D:5      | 4230 ||| IDENTIFYING fuming red potion
  4231 | D:5      | 4231 ||| DROPPING potion of magic.
  4283 | D:6      | 4283 ||| INVOKING Fiery Armour.
  4284 | D:6      | 4284 ||| STAIRDANCE
  4299 | D:6      | 4299 ||| STAIRDANCE
  4301 | D:5      | 4301 ||| Stepping ~*~*~tactically~*~*~ (outnumbered).
  4307 | D:5      | Reached skill level 8 in Unarmed Combat
  4327 | D:6      | 4327 ||| STAIRDANCE
  4431 | D:6      | 4431 ||| STAIRDANCE
  4433 | D:5      | 4433 ||| Stepping ~*~*~tactically~*~*~ (outnumbered).
  4447 | D:6      | 4447 ||| STAIRDANCE
  4469 | D:6      | 4469 ||| INVOKING Fiery Armour.
  4472 | D:6      | Reached skill level 3 in Fighting
  4472 | D:6      | HP: 15/75 [gnoll/+0 flail[a gnoll bouda] (9)]
  4511 | D:6      | 4511 ||| FLEEEEING.
  4512 | D:6      | 4512 ||| FLEEEEING.
  4513 | D:6      | 4513 ||| FLEEEEING.
  4514 | D:6      | 4514 ||| STAIRDANCE
  4712 | D:6      | 4712 ||| Stepping ~*~*~tactically~*~*~ (stealth).
  4713 | D:6      | 4713 ||| Stepping ~*~*~tactically~*~*~ (stealth).
  4714 | D:6      | 4714 ||| Stepping ~*~*~tactically~*~*~ (stealth).
  4715 | D:6      | 4715 ||| Stepping ~*~*~tactically~*~*~ (stealth).
  4717 | D:6      | 4717 ||| Stepping ~*~*~tactically~*~*~ (stealth).
  4722 | D:6      | 4722 ||| Stepping ~*~*~tactically~*~*~ (outnumbered).
  4723 | D:6      | 4723 ||| Stepping ~*~*~tactically~*~*~ (outnumbered).
  4724 | D:6      | 4724 ||| Stepping ~*~*~tactically~*~*~ (outnumbered).
  4775 | D:6      | Noticed qw's ghost (novice TeWr)
  4782 | D:6      | Found a runed translucent door.
  4870 | D:6      | Reached skill level 9 in Unarmed Combat
  4894 | D:6      | Found Fumiq's Blasphemy Boutique.
  4900 | D:6      | 4900 ||| Stepping ~*~*~tactically~*~*~ (outnumbered).
  4901 | D:6      | 4901 ||| Stepping ~*~*~tactically~*~*~ (outnumbered).
  5029 | D:6      | 5029 ||| READING scroll labelled FAMENL CIOS.
  5030 | D:6      | 5030 ||| READING scroll labelled ZUSSIO GUYLOL.
  5065 | D:7      | Found a flagged portal.
  5070 | D:7      | 5070 ||| STAIRDANCE
  5143 | D:7      | 5143 ||| STAIRDANCE
  5217 | D:7      | 5217 ||| STAIRDANCE
  5375 | D:7      | 5375 ||| INVOKING Fiery Armour.
  5380 | D:7      | Reached skill level 1 in Throwing
  5381 | D:7      | 5381 ||| Stepping ~*~*~tactically~*~*~ (outnumbered).
  5395 | D:7      | Reached XP level 9. HP: 81/81 MP: 9/9
  5402 | D:7      | Reached skill level 1 in Dodging
  5472 | D:7      | Identified the +2 ring mail of the Indestructible God {rF-
                  | Str+9 Int+2}
  5627 | D:7      | Found a stormy altar of Qazlal.
  5629 | D:7      | 5629 ||| Stepping ~*~*~tactically~*~*~ (outnumbered).
  5630 | D:7      | 5630 ||| Stepping ~*~*~tactically~*~*~ (hiding).
  5693 | D:7      | 5693 ||| Stepping ~*~*~tactically~*~*~ (stealth).
  5696 | D:7      | 5696 ||| Stepping ~*~*~tactically~*~*~ (hiding).
  5702 | D:7      | 5702 ||| Stepping ~*~*~tactically~*~*~ (hiding).
  5713 | D:7      | 5713 ||| Stepping ~*~*~tactically~*~*~ (outnumbered).
  5724 | D:7      | 5724 ||| FLEEEEING.
  5817 | D:7      | 5817 ||| Invisible monster not found???
  6160 | D:7      | 6160 ||| DRINKING 4 potions of curing.
  6160 | D:7      | 6160 ||| (to cure confusion)
  6178 | D:7      | 6178 ||| DRINKING 3 potions of curing.
  6178 | D:7      | 6178 ||| (to cure confusion)
  6222 | D:7      | 6222 ||| DRINKING 2 potions of curing.
  6222 | D:7      | 6222 ||| (to cure confusion)
  6228 | D:7      | Found an iron altar of Okawaru.
  6270 | D:7      | 6270 ||| DRINKING potion of curing.
  6270 | D:7      | 6270 ||| (to cure confusion)
  6384 | D:7      | 6384 ||| READING scroll labelled EWKAEZ XYZO.
  6385 | D:7      | 6385 ||| READING 4 scrolls of identify.
  6385 | D:7      | 6385 ||| IDENTIFYING pink potion
  6386 | D:7      | 6386 ||| READING 3 scrolls of identify.
  6386 | D:7      | 6386 ||| IDENTIFYING lumpy orange potion
  6387 | D:7      | 6387 ||| READING 2 scrolls of identify.
  6387 | D:7      | 6387 ||| IDENTIFYING emerald potion
  6388 | D:7      | 6388 ||| DROPPING potion of flight.
  6389 | D:7      | 6389 ||| DROPPING potion of invisibility.
  6595 | D:8      | 6595 ||| Stepping ~*~*~tactically~*~*~ (hiding).
  6596 | D:8      | 6596 ||| INVOKING Fiery Armour.
  6600 | D:8      | 6600 ||| Stepping ~*~*~tactically~*~*~ (outnumbered).
  6610 | D:8      | Reached skill level 10 in Unarmed Combat
  6617 | D:8      | 6617 ||| Stepping ~*~*~tactically~*~*~ (stealth).
  6623 | D:8      | 6623 ||| Stepping ~*~*~tactically~*~*~ (stealth).
  6628 | D:8      | 6628 ||| Stepping ~*~*~tactically~*~*~ (outnumbered).
  6629 | D:8      | 6629 ||| Stepping ~*~*~tactically~*~*~ (outnumbered).
  6630 | D:8      | 6630 ||| DRINKING potion of cancellation.
  6631 | D:8      | 6631 ||| Stepping ~*~*~tactically~*~*~ (outnumbered).
  6646 | D:8      | HP: 20/84 [wyvern (5)]
  6650 | D:8      | 6650 ||| READING 2 scrolls of teleportation.
  6653 | D:8      | Reached XP level 10. HP: 23/94 MP: 10/10
  6754 | D:8      | Found a staircase to the Lair.
  6815 | D:8      | 6815 ||| Stepping ~*~*~tactically~*~*~ (outnumbered).
  6816 | D:8      | 6816 ||| Stepping ~*~*~tactically~*~*~ (outnumbered).
  6820 | D:8      | 6820 ||| Stepping ~*~*~tactically~*~*~ (outnumbered).
  6821 | D:8      | 6821 ||| Stepping ~*~*~tactically~*~*~ (outnumbered).
  6825 | D:8      | 6825 ||| Stepping ~*~*~tactically~*~*~ (outnumbered).
  6828 | D:8      | 6828 ||| INVOKING Fiery Armour.
  6903 | D:8      | 6903 ||| Stepping ~*~*~tactically~*~*~ (hiding).
  6905 | D:8      | 6905 ||| Stepping ~*~*~tactically~*~*~ (hiding).
  6941 | D:8      | Found Tiod's Jewellery Emporium.
  6944 | D:8      | 6944 ||| SHOPLISTING amulet "Lohul" {rC- Regen+ Str+8} (561
                  | gold, have 437).
  7057 | D:8      | 7057 ||| Stepping ~*~*~tactically~*~*~ (stealth).
  7058 | D:8      | 7058 ||| Stepping ~*~*~tactically~*~*~ (stealth).
  7121 | D:8      | Found a blossoming altar of Fedhas.
  7135 | D:8      | Reached skill level 11 in Unarmed Combat
  7179 | D:8      | 7179 ||| INVOKING Fiery Armour.
  7353 | D:8      | 7353 ||| PLANNING LAIR
  7353 | D:8      | 7353 ||| UPGRADING to +0 cloak.
  7358 | D:8      | 7358 ||| READING 3 scrolls of identify.
  7358 | D:8      | 7358 ||| IDENTIFYING puce potion
  7359 | D:8      | 7359 ||| DROPPING potion of brilliance.
  7394 | Lair:1   | Entered Level 1 of the Lair of Beasts
  7394 | Lair:1   | Noticed an elephant
  7394 | Lair:1   | Noticed an elephant
  7394 | Lair:1   | Noticed an elephant
  7394 | Lair:1   | Noticed an elephant
  7394 | Lair:1   | Noticed an elephant
  7394 | Lair:1   | Noticed an elephant
  7395 | Lair:1   | 7395 ||| INVOKING Fiery Armour.
  7399 | Lair:1   | 7399 ||| Stepping ~*~*~tactically~*~*~ (outnumbered).
  7400 | Lair:1   | 7400 ||| Stepping ~*~*~tactically~*~*~ (outnumbered).
  7403 | Lair:1   | Killed an elephant
  7404 | Lair:1   | Reached skill level 9 in Shields
  7414 | Lair:1   | Killed an elephant
  7419 | Lair:1   | Killed an elephant
  7425 | Lair:1   | Killed an elephant
  7426 | Lair:1   | Reached skill level 12 in Unarmed Combat
  7430 | Lair:1   | Killed an elephant
  7435 | Lair:1   | Killed an elephant
  7545 | Lair:1   | 7545 ||| Stepping ~*~*~tactically~*~*~ (stealth).
  7547 | Lair:1   | 7547 ||| Stepping ~*~*~tactically~*~*~ (stealth).
  7549 | Lair:1   | 7549 ||| Stepping ~*~*~tactically~*~*~ (stealth).
  7558 | Lair:1   | 7558 ||| Stepping ~*~*~tactically~*~*~ (stealth).
  7561 | Lair:1   | 7561 ||| INVOKING Fiery Armour.
  7564 | Lair:1   | 7564 ||| Stepping ~*~*~tactically~*~*~ (outnumbered).
  7565 | Lair:1   | 7565 ||| Stepping ~*~*~tactically~*~*~ (outnumbered).
  7572 | Lair:1   | 7572 ||| Stepping ~*~*~tactically~*~*~ (outnumbered).
  7573 | Lair:1   | 7573 ||| Stepping ~*~*~tactically~*~*~ (outnumbered).
  7574 | Lair:1   | 7574 ||| Stepping ~*~*~tactically~*~*~ (outnumbered).
  7576 | Lair:1   | 7576 ||| Stepping ~*~*~tactically~*~*~ (outnumbered).
  7578 | Lair:1   | 7578 ||| Stepping ~*~*~tactically~*~*~ (outnumbered).
  7581 | Lair:1   | 7581 ||| Stepping ~*~*~tactically~*~*~ (outnumbered).
  7582 | Lair:1   | 7582 ||| Stepping ~*~*~tactically~*~*~ (outnumbered).
  7584 | Lair:1   | 7584 ||| Stepping ~*~*~tactically~*~*~ (outnumbered).
  7589 | Lair:1   | Reached XP level 11. HP: 28/104 MP: 11/11
  7591 | Lair:1   | 7591 ||| Stepping ~*~*~tactically~*~*~ (outnumbered).
  7592 | Lair:1   | 7592 ||| Stepping ~*~*~tactically~*~*~ (outnumbered).
  7593 | Lair:1   | 7593 ||| Stepping ~*~*~tactically~*~*~ (outnumbered).
  7594 | Lair:1   | 7594 ||| Stepping ~*~*~tactically~*~*~ (outnumbered).
  7595 | Lair:1   | 7595 ||| Stepping ~*~*~tactically~*~*~ (outnumbered).
  7596 | Lair:1   | 7596 ||| Stepping ~*~*~tactically~*~*~ (outnumbered).
  7597 | Lair:1   | 7597 ||| Stepping ~*~*~tactically~*~*~ (outnumbered).
  7598 | Lair:1   | HP: 23/104 [yak (9)]
  7599 | Lair:1   | 7599 ||| READING scroll of teleportation.
  7600 | Lair:1   | 7600 ||| Stepping ~*~*~tactically~*~*~ (outnumbered).
  7600 | Lair:1   | HP: 8/104 [yak (5)]
  7601 | Lair:1   | 7601 ||| Stepping ~*~*~tactically~*~*~ (outnumbered).
  7707 | Lair:1   | 7707 ||| Stepping ~*~*~tactically~*~*~ (stealth).
  7729 | Lair:1   | Reached skill level 13 in Unarmed Combat
  7791 | Lair:1   | Reached skill level 1 in Armour
  8098 | Lair:1   | 8098 ||| Stepping ~*~*~tactically~*~*~ (outnumbered).
  8099 | Lair:1   | 8099 ||| Stepping ~*~*~tactically~*~*~ (outnumbered).
  8100 | Lair:1   | 8100 ||| Stepping ~*~*~tactically~*~*~ (outnumbered).
  8101 | Lair:1   | 8101 ||| Stepping ~*~*~tactically~*~*~ (outnumbered).
  8102 | Lair:1   | 8102 ||| Stepping ~*~*~tactically~*~*~ (outnumbered).
  8103 | Lair:1   | 8103 ||| Stepping ~*~*~tactically~*~*~ (outnumbered).
  8106 | Lair:1   | 8106 ||| Stepping ~*~*~tactically~*~*~ (outnumbered).
  8107 | Lair:1   | 8107 ||| Stepping ~*~*~tactically~*~*~ (outnumbered).
  8108 | Lair:1   | 8108 ||| Stepping ~*~*~tactically~*~*~ (outnumbered).
  8109 | Lair:1   | 8109 ||| Stepping ~*~*~tactically~*~*~ (outnumbered).
  8110 | Lair:1   | 8110 ||| Stepping ~*~*~tactically~*~*~ (outnumbered).
  8124 | Lair:1   | 8124 ||| INVOKING Fiery Armour.
  8333 | Lair:1   | 8333 ||| PLANNING CONVERSION TO OKAWARU
  8506 | D:7      | Fell from the grace of Ignis
  8506 | D:7      | Became a worshipper of Warmaster Okawaru
  8507 | D:7      | 8507 ||| PLANNING LAIR
  8943 | Lair:2   | 8943 ||| Stepping ~*~*~tactically~*~*~ (stealth).
  8955 | Lair:2   | Reached * piety under Okawaru
  9010 | Lair:2   | Noticed a four-headed hydra
  9010 | Lair:2   | 9010 ||| INVOKING Heroism.
  9018 | Lair:2   | Killed a six-headed hydra
  9019 | Lair:2   | Reached skill level 1 in Invocations
  9024 | Lair:2   | 9024 ||| Stepping ~*~*~tactically~*~*~ (stealth).
  9025 | Lair:2   | 9025 ||| Stepping ~*~*~tactically~*~*~ (stealth).
  9031 | Lair:2   | 9031 ||| Stepping ~*~*~tactically~*~*~ (stealth).
  9049 | Lair:2   | Found a hole to the Spider Nest.
  9166 | Lair:2   | 9166 ||| INVOKING Heroism.
  9320 | Lair:2   | Reached ** piety under Okawaru
  9681 | Lair:3   | 9681 ||| STAIRDANCE
  9785 | Lair:3   | 9785 ||| DRINKING potion of cancellation.
  9786 | Lair:3   | 9786 ||| STAIRDANCE
  9805 | Lair:3   | 9805 ||| STAIRDANCE
  9811 | Lair:2   | Reached skill level 3 in Invocations
  9812 | Lair:3   | Noticed a four-headed hydra
  9813 | Lair:3   | 9813 ||| STAIRDANCE
  9831 | Lair:3   | 9831 ||| STAIRDANCE
  9833 | Lair:2   | 9833 ||| INVOKING Heroism.
  9833 | Lair:2   | HP: 21/104 [four-headed hydra (11)]
  9834 | Lair:2   | 9834 ||| DRINKING potion of heal wounds.
  9838 | Lair:2   | HP: 5/104 [seven-headed hydra (8)]
  9838 | Lair:2   | Slain by a seven-headed hydra

Levels and vault maps discovered:
D:1:      amcnicky_arrival_feature_with_door, layout_basic, serial_glass,
          glass_columns_a, glass_columns_a
D:2:      layout_basic, basic_altar, serial_glass, glass_columns_b,
          glass_columns_a
D:3:      layout_loops_ring, ebering_ghost_rock_garden, kennysheep_small_spiral
D:4:      layout_cave_pools, serial_shops, nicolae_inconvenience_store,
          nicolae_shop_waterfront, shop, minmay_misc_feat_iff
D:5:      layout_basic, minmay_temple_entry_tees, uniq_menkaure, uniq_grinder
D:6:      layout_gridville, hellmonk_ghost_happy_afterlife, nicolae_evil_shop
D:7:      layout_basic, mainiacjoe_overflow_catwalk_spiral, enter_bailey_5
D:8:      layout_basic, mainiacjoe_overflow_brackets, minmay_lair_entry_grove,
          serial_shops, kennysheep_mini_moat
Lair:1:   layout_gridlike, grunt_megastairs_4
Lair:2:   wad_woods_structure_01, layout_regular_city, spider_nest_entry_webs
Lair:3:   layout_misc_corridors, swamp_mist_pool

Skill      XL: |  1  2  3  4  5  6  7  8  9 10 11 |
---------------+----------------------------------+-----
Shields        | 1 2 3 4 6 7 8 9 10 | 10.0
Unarmed Combat | 4 5 6 7 9 10 12 13 | 13.8
Fighting       | 3 4 5 |  5.2
Throwing       | 1 |  1.0
Dodging        | 1 |  1.2
Armour         | 1 |  1.1
Invocations    | 3 |  3.0
Spellcasting   | |  1.0
Fire Magic     | |  2.1

Action                   |  1- 3 |  4- 6 |  7- 9 | 10-12 || total
-------------------------+-------+-------+-------+-------++-------
Melee: Unarmed           |   123 |   114 |   222 |   267 ||   726
       Punch             |     1 |       |       |       ||     1
Throw: Boomerang         |       |       |    14 |    45 ||    59
Invok: Fiery Armour      |     1 |     1 |     6 |     5 ||    13
       Heroism           |       |       |       |     3 ||     3
  Use: Scroll            |     5 |     7 |     9 |     2 ||    23
       Potion            |       |     2 |     6 |     2 ||    10
Armor: Robe              |    32 |    43 |   134 |   142 ||   351
Dodge: Dodged            |    29 |    30 |    78 |   116 ||   253
Block: Kite shield       |    21 |    24 |    93 |   133 ||   271

Table legend:
 A = Non-vault XP
 B = Vault XP
 C = Vault XP percentage of total XP
 D = Non-vault monster count
 E = Vault monster count
 F = Vault count percentage of total count
                 A         B        C        D         E       F
            +---------+---------+-------+---------+---------+-------
      Total |   15068 |    3207 |  17.5 |     217 |      24 |  10.0
            +---------+---------+-------+---------+---------+-------
        D:1 |      49 |       0 |   0.0 |      32 |       0 |   0.0
        D:2 |      28 |       0 |   0.0 |      11 |       0 |   0.0
        D:3 |     141 |       0 |   0.0 |      13 |       0 |   0.0
        D:4 |     326 |       0 |   0.0 |      27 |       0 |   0.0
        D:5 |    1026 |     452 |  30.6 |      26 |       2 |   7.1
        D:6 |     484 |       6 |   1.2 |      19 |       3 |  13.6
        D:7 |     976 |       2 |   0.2 |      20 |       1 |   4.8
        D:8 |    1778 |    1822 |  50.6 |      31 |      12 |  27.9
     Lair:1 |    6094 |     401 |   6.2 |      23 |       2 |   8.0
     Lair:2 |    4166 |     524 |  11.2 |      15 |       4 |  21.1
            +---------+---------+-------+---------+---------+-------
